 Dungeon Crawl Stone Soup version 0.27.1-34-g3ba077fa99 (webtiles) character file.

Game seed: 12124642194203051848

436 multipassport the Digger (level 7, 0/55 HPs)
             Began as a Naga Earth Elementalist on Jan 24, 2022.
             Was a Believer of Nemelex Xobeh.
             Blown up by Pikel (22 damage)
             ... with a mindburst bolt
             ... on level 4 of the Dungeon.
             The game lasted 00:20:46 (4050 turns).

multipassport the Digger (Naga Earth Elementalist)  Turns: 4050, Time: 00:20:47

Health: 0/55       AC:  4    Str: 10    XL:     7   Next: 1%
Magic:  1/12       EV: 10    Int: 17    God:    Nemelex Xobeh [**....]
Gold:   129        SH:  0    Dex: 12    Spells: 7/13 levels left

rFire    . . .     SeeInvis +   a - +1 dagger (drain)
rCold    . . .     Faith    .   (no shield)
rNeg     . . .     Spirit   .   b - +0 robe
rPois    +         Reflect  .   l - +0 helmet
rElec    .         Harm     .   m - scarf {repulsion}
rCorr    .         Rampage  .   (no gloves)
Will     .....                  (no barding)
Stlth    ++........             j - amulet of regeneration
HPRegen  1.18/turn              h - ring of wizardry
MPRegen  0.13/turn              g - ring of wizardry

@: repel missiles, very slow
A: AC +2, large, see invisible, deformed body, poison resistance, slowness 2,
spit poison 1, naga tail 1
a: Spit Poison, Renounce Religion, Draw Escape, Draw Destruction, Draw Summoning


You were on level 4 of the Dungeon.
You worshipped Nemelex Xobeh.
Nemelex Xobeh was pleased with you.
You visited 1 branch of the dungeon, and saw 5 of its levels.

You collected 129 gold pieces.

Inventory:

Hand Weapons
 a - a +1 dagger of draining (weapon)
Missiles
 c - 65 stones
Armour
 b - a +0 robe (worn)
 l - a +0 helmet (worn)
 m - a scarf of repulsion (worn)
Jewellery
 g - a ring of wizardry (right hand)
 h - a ring of wizardry (left hand)
 i - a +4 ring of evasion
 j - an amulet of regeneration (around neck)
Wands
 p - a wand of polymorph (5)
Scrolls
 n - a scroll of brand weapon {unknown}
 o - a scroll of identify
Potions
 d - 2 potions of lignification
 e - a potion of attraction
 f - a potion of ambrosia
 k - 2 potions of curing {unknown}


   Skills:
 + Level 3.0 Dodging
 - Level 3.0 Stealth
 + Level 3.5 Spellcasting
 + Level 0.4 Translocations
 + Level 3.1 Transmutations
 + Level 4.3 Earth Magic
 + Level 2.5 Invocations


You had 7 spell levels left.
You knew the following spells:

 Your Spells              Type           Power      Damage    Failure   Level
a - Sandblast             Erth           34%        2d9       1%          1
b - Blink                 Tloc           N/A        N/A       6%          2
c - Stone Arrow           Conj/Erth      20%        3d8       5%          3

Your spell library contained the following spells:

 Spells                   Type           Power      Damage    Failure   Level
 Passwall                 Tmut/Erth      12%        N/A       1%          2
 Petrify                  Tmut/Erth      15%        N/A       10%         4
 Lesser Beckoning         Tloc           2%         N/A       11%         3
 Manifold Assault         Tloc           4%         N/A       65%         5


Dungeon Overview and Level Annotations

Branches:
Dungeon (5/15)             Temple (0/1) D:4

Altars:
Nemelex Xobeh

Shops:
D:1 *

Annotations:
D:4 Pikel


Innate Abilities, Weirdness & Mutations

Your serpentine skin is tough. (AC +2)
You have supernaturally acute eyesight. (SInv)
Armour fits poorly on your strangely shaped body.
Your system is resistant to poisons. (rPois)
You cover ground very slowly.
You can spit poison.
You have a snake-like lower body.


Message History

Pikel zaps a wand.
Your mind is blasted!
Casting: Stone Arrow (dangerous; 5% risk of failure)
Confirm with . or Enter, or press ? or * to list all spells.
Aiming: Stone Arrow (dangerous; 5% risk of failure)
Press: ? - help, Shift-Dir - straight line, f/p - Pikel
Aim: Pikel, wielding a +1 whip of electrocution, wearing a +2 robe of fire resistance and carrying a wand of mindburst (12) (moderately wounded, 60% to hit)
The stone arrow misses Pikel.
The stone arrow hits the lemure.
The lemure is severely wounded.
You have got your breath back.
You hear a shout!
A lemure comes into view.
Press: ? - help, Shift-Dir - straight line, f/p - Pikel
Aim: Pikel, wielding a +1 whip of electrocution, wearing a +2 robe of fire resistance and carrying a wand of mindburst (12) (moderately wounded)
The splash of poison misses Pikel.
The splash of poison misses the lemure.
The splash of poison hits the lemure!
The lemure is poisoned.
The lemure is moderately wounded.
Pikel zaps a wand.
Your mind is blasted!
There is a stone staircase leading up here.
You have got your breath back.
Pikel zaps a wand.
You resist with significant effort.
You climb upwards.
There is a stone staircase leading down here.
Press: ? - help, Shift-Dir - straight line, f - Pikel
Aim: Pikel, wielding a +1 whip of electrocution, wearing a +2 robe of fire resistance and carrying a wand of mindburst (10) (moderately wounded)
The splash of poison hits Pikel but does no damage.
Pikel is poisoned.
Pikel is moderately wounded.
Pikel hits you with a +1 whip of electrocution.
Casting: Stone Arrow (dangerous; 5% risk of failure)
Confirm with . or Enter, or press ? or * to list all spells.
Aiming: Stone Arrow (dangerous; 5% risk of failure)
Press: ? - help, Shift-Dir - straight line, f/p - Pikel
Aim: Pikel, wielding a +1 whip of electrocution, wearing a +2 robe of fire resistance and carrying a wand of mindburst (10) (moderately wounded, poisoned, 60% to hit)
The stone arrow misses Pikel.
Pikel zaps a wand.
Your mind is blasted!
Ouch! That really hurt!
Pikel closely misses you.
You have got your breath back.
Pikel zaps a wand.
Your mind is blasted!
You die...
Your body disappears without a glow.

##........# #
####..#####[##
###....## #..#
.......# ##.##
#####..# #..# ###
#..# ##.###.#
##.# #..#K## #.#
##...## ##.#
#..@.# #..#
###....## #..#
###...##(.#
#..###....####.#
#..##...### ###
#..##..##
#..##..##
#..##...#######
#..##....?....###


You could see Pikel (poisoned).

Vanquished Creatures
  An ogre (D:4)
  2 scorpions (D:4)
  An orc priest (D:3)
  A bullfrog skeleton (D:4)
  Ijyb (D:3)
  A howler monkey skeleton (D:4)
  8 adders
  A worm (D:4)
  A dart slug (D:1)
  6 orcs
  8 ball pythons
  3 bats
  3 endoplasms
  2 giant cockroaches (D:1)
  8 goblins
  5 hobgoblins
  2 jackals (D:2)
  3 quokkas
  6 frilled lizards
  6 kobolds
  2 rats (D:3)
71 creatures vanquished.

Notes
Turn   | Place    | Note
-------+----------+-------------------------------------------
     0 | D:1      | multipassport the Naga Earth Elementalist began the quest
                  | for the Orb.
     0 | D:1      | Reached XP level 1. HP: 15/15 MP: 3/3
   125 | D:1      | Reached XP level 2. HP: 13/22 MP: 5/5
   484 | D:1      | Found Saarehod's Assorted Antiques.
   905 | D:2      | Reached XP level 3. HP: 17/28 MP: 6/6
  1060 | D:2      | Learned a level 2 spell: Blink
  1358 | D:2      | Found a faded altar of an unknown god.
  1568 | D:2      | Became a worshipper of Nemelex Xobeh the Trickster
  1568 | D:2      | Reached * piety under Nemelex Xobeh
  1695 | D:2      | Reached XP level 4. HP: 36/36 MP: 7/7
  1780 | D:2      | Received a gift from Nemelex Xobeh
  2024 | D:3      | Reached skill level 1 in Invocations
  2449 | D:3      | Reached XP level 5. HP: 42/42 MP: 9/9
  2699 | D:3      | Reached ** piety under Nemelex Xobeh
  2795 | D:3      | Noticed Ijyb
  2802 | D:3      | Killed Ijyb
  2905 | D:4      | Reached XP level 6. HP: 49/49 MP: 10/10
  2915 | D:4      | Reached skill level 4 in Earth Magic
  2986 | D:4      | Learned a level 3 spell: Stone Arrow
  3671 | D:4      | Found a staircase to the Ecumenical Temple.
  3751 | D:4      | Reached XP level 7. HP: 55/55 MP: 8/12
  4035 | D:5      | Entered Level 5 of the Dungeon
  4037 | D:5      | Noticed Pikel
  4050 | D:4      | Blown up by Pikel

Illustrated notes

Levels and vault maps discovered:
D:1:      minmay_arrival_arboretum_large, layout_basic, serial_shops,
          nicolae_shop_temple_entry_statues_fountains, minmay_hedge_maze
D:2:      layout_loops_ring, shapermc_ecumenical_altar_mp_highgroup,
          hangedman_decor_push, grunt_ministairs_2
D:3:      layout_loops_ring, uniq_ijyb
D:4:      layout_layer_cave, minmay_temple_entry_wispy
D:5:      minmay_skewed_foursquare, layout_basic, cheibrodos_sewer_entry_bend,
          uniq_crazy_yiuf_cottage, uniq_pikel

Skill      XL: |  1  2  3  4  5  6 |
---------------+-------------------+-----
Dodging        | 2 3 |  3.0
Transmutations | 2 3 |  3.1
Invocations    | 1 2 |  2.5
Spellcasting   | 3 |  3.5
Earth Magic    | 4 |  4.3
Stealth        | |  3.0
Translocations | |  0.4

Action                   |  1- 3 |  4- 6 |  7- 9 || total
-------------------------+-------+-------+-------++-------
Melee: Dagger            |    49 |    49 |       ||    98
       War axe           |       |     4 |       ||     4
 Cast: Sandblast         |     8 |    30 |       ||    38
       Stone Arrow       |       |     2 |     5 ||     7
       Blink             |       |     2 |       ||     2
Invok: Draw Destruction  |       |     4 |       ||     4
 Abil: Spit Poison       |    31 |    38 |     5 ||    74
  Use: Scroll            |       |     8 |       ||     8
 Stab: Sleeping          |       |     1 |       ||     1
Armor: Robe              |     8 |    22 |       ||    30
Dodge: Dodged            |    30 |    40 |     1 ||    71
